 Dungeon Crawl Stone Soup version 0.21-a0-28-g9a7844a (webtiles) character file.

1642 toast the Cleaver (level 8, -11/71 HPs)
             Began as a Hill Orc Fighter on May 26, 2017.
             Was an Initiate of Okawaru.
             Splashed by an oklob plant's acid (12 damage)
             ... on level 6 of the Dungeon.
             The game lasted 00:13:26 (5570 turns).

toast the Cleaver (Hill Orc Fighter)                Turns: 5570, Time: 00:13:27

Health: -11/71     AC:  8    Str: 26    XL:     8   Next: 99%
Magic:  8/8        EV:  6    Int:  8    God:    Okawaru [......]
Gold:   265        SH: 22    Dex: 10    Spells: 7/7 levels left

rFire    . . .     SeeInvis .   a - +1 war axe
rCold    . . .     Gourm    .   E - +6 large shield of Curiosity {Regen+}
rNeg     . . .     Faith    .   b - +0 scale mail
rPois    .         Spirit   .   (no helmet)
rElec    .         Reflect  .   (no cloak)
rCorr    .         Harm     .   D - +0 pair of gloves
MR       .....                  y - +2 pair of boots {Fly}
Stlth    ..........             p - amulet of rage
Regen    0.7/turn               (no ring)
MPRegen  0.2/turn               (no ring)

@: mighty, corroded, flying
A: no striking features
a: Renounce Religion, Evoke Berserk Rage, Stop Flying


You were on level 6 of the Dungeon.
You worshipped Okawaru.
Okawaru was noncommittal.
You were not hungry.

You visited 2 branches of the dungeon, and saw 7 of its levels.

You collected 265 gold pieces.

Inventory:

Hand Weapons
 a - a +1 war axe (weapon)
Armour
 b - a +0 scale mail (worn)
 c - a +1 shield
 y - a +2 pair of boots of flying (worn)
 D - a +0 pair of gloves (worn)
 E - the +6 large shield of Curiosity (worn) {Regen+}
   (You found it on level 6 of the Dungeon)

   It increases your rate of regeneration.
Jewellery
 i - an uncursed ring of flight
 p - an amulet of rage (around neck)
 H - an uncursed amulet of regeneration {unknown}
Wands
 G - a wand of paralysis (13/24)
Scrolls
 e - 3 scrolls of identify
 h - 2 scrolls of enchant weapon
 k - 2 scrolls of teleportation
 l - a scroll of recharging
 n - 2 scrolls of remove curse
 q - 2 scrolls of enchant armour
 r - a scroll of magic mapping
 w - a scroll of fog
 F - a scroll of fear {unknown}
Potions
 d - a potion of might
 g - a potion of haste {unknown}
 m - a potion of heal wounds {unknown}
 o - a potion of flight
 s - a potion of berserk rage {unknown}
 t - 2 potions of invisibility
 x - a potion of resistance {unknown}
 z - 3 potions of lignification
 A - 2 potions of agility {unknown}
 B - 2 potions of curing {unknown}
 C - a potion of cancellation {unknown}
Books
 j - a book of Cantrips

   Spells                             Type                      Level
   a - Confusing Touch                Hexes                        1
   b - Animate Skeleton               Necromancy                   1
   c - Summon Small Mammal            Summoning                    1
   d - Apportation                    Translocation                1
Comestibles
 f - 4 bread rations
 u - 3 meat rations
 v - 13 chunks of flesh


   Skills:
 + Level 6.7 Fighting
 * Level 9.1 Axes
 + Level 6.8 Armour
 + Level 6.5 Shields


You had 7 spell levels left.
You didn't know any spells.

Dungeon Overview and Level Annotations

Branches:
Dungeon (6/15)             Temple (1/1) D:4

Altars:
Ashenzari
Cheibriados
Dithmenos
Elyvilon
Fedhas
Gozag
Hepliaklqana
Kikubaaqudgha
Makhleb
Nemelex Xobeh
Okawaru
Qazlal
Ru
Sif Muna
Trog
Uskayaw
Wu Jian
Xom
Yredelemnul
The Shining One

Annotations:
D:6 exclusion: oklob plant


Message History

You destroy the fungus!
You hit the bush but do no damage. You hit the plant.
You hit the bush but do no damage. You hit the plant.
You hit the plant but do no damage. The oklob plant spits acid at you.
The splash of acid hits you! The acid corrodes you!
You are splashed with acid!
The acid burns!
* * * LOW HITPOINT WARNING * * *
The oklob plant spits acid at you. The splash of acid hits you!
* * * LOW HITPOINT WARNING * * *
You are splashed with acid!
The acid burns!
* * * LOW HITPOINT WARNING * * *
You see here a fruit.
You feel very mighty all of a sudden. The oklob plant spits acid at you.
The splash of acid hits you!
* * * LOW HITPOINT WARNING * * *
You are splashed with acid!
The acid burns!
You die...

######## ## #### ### #######
#PP#PPP#♣.♣PPP#P#P#.
######.....####PP%P.P.PP#PPPPPP♣P
.......#.....##P%..PP#PPP♣♣PP.PPP
######.......#P.@PPPPPPP.P♣P♣P#P#
#.#.#.#.#P....PP.......♣PP#
#.#...#.#.P%PP...≈≈≈≈≈..P.#P ..
#.#..##.#PPPPP..≈≈≈≈≈≈≈..##. ..
#.......#♣PPP..≈≈≈≈≈≈≈≈≈..PP ..
#.......#.PPP.≈≈≈≈≈≈≈≈≈≈≈.#P ....
#.##.##.#PP♣♣.≈≈≈≈...≈≈≈≈.##
....##.##.##.#P. ♣......_.≈≈≈≈.(.
....##.#..##.#P♣ ♣.≈≈≈≈...≈≈≈≈.##


You could see an oklob plant.

Vanquished Creatures
  Sigmund (D:5)
  An orc warrior (D:6)
  4 ogres
  An ice beast (D:6)
  2 centaurs (D:6)
  A bullfrog (D:6)
  A howler monkey (D:6)
  2 bullfrog zombies (D:6)
  2 hounds
  An orc priest (D:6)
  2 orc wizards (D:6)
  A bullfrog skeleton (D:6)
  Terence (D:2)
  An iguana (D:5)
  A worker ant (D:6)
  A hound zombie (D:5)
  2 hound skeletons
  A worker ant zombie (D:5)
  6 adders
  4 gnolls (D:6)
  3 adder skeletons
  4 worms
  3 dart slugs
  3 leopard geckos
  14 orcs
  A ball python (D:4)
  A giant cockroach (D:5)
  4 goblins
  11 hobgoblins
  9 jackals
  2 quokkas
  6 bats
  4 frilled lizards
  A jackal skeleton (D:4)
  A jackal zombie (D:5)
  A kobold (D:1)
  A leopard gecko skeleton (D:3)
  A leopard gecko zombie (D:3)
  2 quokka skeletons
  11 rats
  A rat zombie (D:3)
  2 fungi (D:6)
  A plant (D:6)
123 creatures vanquished.

Vanquished Creatures (collateral kills)
  The ghost of Mrebitz the Destroyer, a novice DECj of Sif Muna (D:5)
1 creature vanquished.

Grand Total: 124 creatures vanquished

Notes
Turn   | Place    | Note
-------+----------+-------------------------------------------
     0 | D:1      | toast the Hill Orc Fighter began the quest for the Orb.
     0 | D:1      | Reached XP level 1. HP: 19/19 MP: 1/1
    96 | D:1      | You fall through a shaft!
   170 | D:2      | Reached XP level 2. HP: 22/27 MP: 2/2
   187 | D:2      | Reached skill level 3 in Axes
   505 | D:1      | Reached XP level 3. HP: 33/33 MP: 3/3
   744 | D:2      | Noticed Terence
   754 | D:2      | Killed Terence
   901 | D:2      | Reached XP level 4. HP: 40/40 MP: 4/4
  1533 | D:3      | Reached skill level 4 in Axes
  1665 | D:3      | Found an ancient bone altar of Kikubaaqudgha.
  1840 | D:3      | Found a burning altar of Makhleb.
  1888 | D:3      | Reached XP level 5. HP: 44/47 MP: 5/5
  1974 | D:3      | Found a stormy altar of Qazlal.
  2090 | D:4      | Noticed an ogre
  2096 | D:4      | Killed an ogre
  2145 | D:4      | Found a basalt altar of Yredelemnul.
  2168 | D:4      | Noticed a moth of wrath
  2172 | D:4      | Found a bloodstained altar of Trog.
  2179 | D:4      | Reached XP level 6. HP: 49/53 MP: 6/6
  2396 | D:4      | Reached skill level 5 in Fighting
  2396 | D:4      | Reached skill level 5 in Axes
  2396 | D:4      | Reached skill level 5 in Armour
  2907 | D:4      | Found a staircase to the Ecumenical Temple.
  2912 | Temple   | Entered the Ecumenical Temple
  3202 | D:5      | Entered Level 5 of the Dungeon
  3238 | D:5      | Reached XP level 7. HP: 40/61 MP: 7/7
  3265 | D:5      | Reached skill level 6 in Axes
  3265 | D:5      | Reached skill level 5 in Shields
  3303 | D:5      | Noticed Mrebitz's ghost (novice DECj)
  3311 | D:5      | Killed Mrebitz's ghost
  3687 | D:5      | Noticed Sigmund
  3695 | D:5      | Killed Sigmund
  3695 | D:5      | Reached skill level 7 in Axes
  3697 | D:5      | HP: 1/62 [ogre/giant club (14)]
  3700 | D:5      | Reached XP level 8. HP: 2/70 MP: 8/8
  5180 | D:6      | Reached skill level 8 in Axes
  5221 | D:6      | Got an encrusted large shield
  5222 | D:6      | Identified the +6 large shield of Curiosity {Regen+} (You found it on level 6 of the Dungeon)
  5332 | D:6      | Found a deep blue altar of Sif Muna.
  5365 | D:6      | Found an iron altar of Okawaru.
  5382 | D:6      | Became a worshipper of Warmaster Okawaru
  5495 | D:6      | Found a blossoming altar of Fedhas.
  5512 | D:6      | Reached skill level 9 in Axes
  5536 | D:6      | Noticed an oklob plant
  5568 | D:6      | HP: 3/71 [acid (14)]
  5570 | D:6      | HP: 1/71 [oklob plant/splash of acid (3)]
  5570 | D:6      | Splashed by an oklob plant's acid

Vault maps used:
D:1:      roderic_dead_forest, serial_park_tiny_pond, dk_noncrumbling_3,
          minmay_misc_feat_five
D:2:      first_bread, kennysheep_another_room, minmay_misc_feat_tower,
          uniq_terence
D:3:      marbit_many_paths, lightli_temple_of_fire,
          lemuel_zombie_altar_kikubaaqudgha, serial_undead, serial_undead_f,
          serial_undead_d, serial_undead_b, serial_undead_f
D:4:      tgw_trog, kennysheep_mini, temple_doors_e
D:5:      uniq_sigmund
D:6:      overflow_temple_1_default, tgw_fedhas, okawaru_ov_weapons_minmay
Temple:   minmay_temple_bridge_abc

Skill      XL: |  1  2  3  4  5  6  7  8 |
---------------+-------------------------+-----
Axes           | 3 4 5 7 9 |  9.1
Fighting       | 4 5 6 |  6.7
Armour         | 4 5 6 |  6.8
Shields        | 4 5 6 |  6.5

Action                   |  1- 3 |  4- 6 |  7- 9 || total
-------------------------+-------+-------+-------++-------
Melee: War axe           |    79 |   189 |   178 ||   446
  Use: Scroll            |     1 |    11 |     5 ||    17
       Potion            |       |       |     4 ||     4
  Eat: Chunk             |       |     6 |     5 ||    11
       Fruit             |       |     1 |     2 ||     3
       Royal jelly       |       |       |     1 ||     1
Armor: Scale mail        |    43 |    93 |    64 ||   200
Dodge: Dodged            |    39 |    63 |    29 ||   131
Block: Shield            |    48 |   107 |    42 ||   197
       Large shield      |       |       |    66 ||    66
